 Dungeon Crawl Stone Soup version 0.18.1-48-g4cf74bf (webtiles) character file.

521006 krepi the Axe Maniac (level 24, -8/249 HPs)
             Began as a Minotaur Fighter on July 1, 2016.
             Was the Champion of the Shining One.
             Mangled by a spriggan berserker
             ... wielding a +0 antimagic quarterstaff
             ... led by the Enchantress
              (26 damage)
             ... on level 4 of the Depths on July 4, 2016.
             The game lasted 04:01:41 (39350 turns).

krepi the Axe Maniac (Minotaur Fighter)            Turns: 39350, Time: 04:01:42

Health: -8/249     AC: 35    Str: 33    XL:     24   Next: 11%
Magic:  31/33      EV: 13    Int:  2    God:    the Shining One [******]
Gold:   4512       SH:  8    Dex: 11    Spells: 0 memorised, 25 levels left

rFire  . . .     SeeInvis .     R - +4 executioner's axe (freeze)
rCold  + . .     Gourm    .     k - +9 crystal plate armour
rNeg   + + +     Faith    .     (shield currently unavailable)
rPois  +         Spirit   .     (helmet restricted)
rElec  +         Dismiss  .     s - +2 cloak of Starlight {rElec rC+ EV+4 Stlth--}
rCorr  .         Reflect  +     Y - +2 pair of gloves
SustAt .         Harm     .     F - +4 pair of boots of the Hunter {+Inv rC- Str+2 Slay+3}
MR     ++...     Clarity  +     N - brooch of Shielding {Reflect SH+8}
Stlth  ..........               T - ring "Ceomav" {+Blink rElec rC+ MR+ MP+9}
                                I - +6 ring of protection

@: corroded, very slightly contaminated, glowing, very resistant to hostile
enchantments, extremely unstealthy
A: retaliatory headbutt, horns 2, talons 1, rugged brown scales 1, clarity,
dopey 2, poison resistance
a: Divine Shield, Cleansing Flame, Summon Divine Warrior, Brand Weapon With Holy
Wrath, Renounce Religion, Evoke Blink, Evoke Invisibility
}: 3/15 runes: serpentine, barnacled, abyssal


You were on level 4 of the Depths.
You worshipped the Shining One.
The Shining One was exalted by your worship.
You were hungry.

You visited 10 branches of the dungeon, and saw 49 of its levels.
You visited the Abyss 3 times.
You visited 1 bazaar.
You also visited: Labyrinth, Ossuary, Volcano and Wizlab.

You collected 5541 gold pieces.
You spent 1029 gold pieces at shops.

Inventory:

Hand Weapons
 x - a +2 battleaxe of electrocution
 L - a +9 broad axe of flaming
 R - a +4 executioner's axe of freezing (weapon)
Armour
 k - a +9 crystal plate armour (worn)
 s - the +2 cloak of Starlight (worn) {rElec rC+ EV+4 Stlth--}
   (You found it on level 8 of the Lair of Beasts)

   It affects your evasion (+4).
   It protects you from cold.
   It insulates you from electricity.
   It makes you much less stealthy.
 F - the +4 pair of boots of the Hunter (worn) {+Inv rC- Str+2 Slay+3}
   (You found it on level 3 of the Snake Pit)

   It affects your strength (+2).
   It affects your accuracy and damage with ranged weapons and melee attacks
   (+3).
   It makes you vulnerable to cold.
   It lets you turn invisible.
 V - a +2 shield
 Y - a +2 pair of gloves (worn)
Jewellery
 c - an uncursed ring of wizardry
 e - the ring "Xaplil" {rPois Dex+3}
   (You found it on level 3 of the Elven Halls)

   [ring of poison resistance]

   It affects your dexterity (+3).
   It protects you from poison.
 H - an uncursed ring of protection from fire
 I - a +6 ring of protection (left hand)
 J - the ring of Quipiw {rElec rF+ Int+5}
   (You took it off a deep elf mage on level 3 of the Elven Halls)

   [ring of protection from fire]

   It affects your intelligence (+5).
   It protects you from fire.
   It insulates you from electricity.
 N - the brooch of Shielding (around neck) {Reflect SH+8}
   (You bought it in a shop on level 3 of the Elven Halls)

   [amulet of reflection]

   It shields you and reflects attacks.
   It affects your SH (+8).
 T - the ring "Ceomav" (right hand) {+Blink rElec rC+ MR+ MP+9}
   (You took it off a deep elf knight on level 3 of the Elven Halls)

   [ring of protection from cold]

   It protects you from cold.
   It insulates you from electricity.
   It affects your resistance to hostile enchantments.
   It affects your magic capacity (+9).
   It lets you blink.
Scrolls
 b - 5 scrolls of teleportation
 m - 14 scrolls of remove curse
 p - 14 scrolls of fog
 v - a scroll of blinking
 P - 14 scrolls of identify
 U - 2 scrolls of holy word
Potions
 d - 8 potions of might
 g - 6 potions of berserk rage
 h - 2 potions of heal wounds
 i - 6 potions of haste
 l - 4 potions of cancellation
 n - 5 potions of resistance
 u - 16 potions of curing
 C - 9 potions of ambrosia
 D - 5 potions of agility
 G - 4 potions of cure mutation
 Q - 5 potions of flight
Comestibles
 a - 57 fruits
 f - 34 bread rations
 z - 25 meat rations
 E - 17 slices of pizza
 O - 36 beef jerkies


   Skills:
 + Level 25.1 Fighting
 O Level 27 Axes
 + Level 2.0 Throwing
 + Level 18.7 Armour
 + Level 5.3 Dodging
 + Level 2.2 Stealth
 + Level 23.9 Shields
 + Level 2.2 Unarmed Combat
 + Level 1.3 Spellcasting
 + Level 2.7 Invocations
 + Level 2.0 Evocations


You had 25 spell levels left.
You didn't know any spells.

Dungeon Overview and Level Annotations

Branches:
Dungeon (15/15)            Temple (1/1) D:4            Lair (8/8) D:9
 Shoals (4/4) Lair:6        Snake (4/4) Lair:5        Slime (0/6) Lair:8
    Orc (2/2) D:9             Elf (3/3) Orc:2        Vaults (0/5) D:13
 Depths (4/5) D:15           Hell (1/1)                 Dis (7/7) Hell
    Geh (0/7) Hell            Coc (0/7) Hell            Tar (0/7) Hell

Altars:
Ashenzari
Cheibriados
Dithmenos
Elyvilon
Fedhas
Gozag
Kikubaaqudgha
Makhleb
Nemelex Xobeh
Okawaru
Pakellas
Qazlal
Ru
Sif Muna
Trog
Vehumet
Xom
Yredelemnul
Zin
The Shining One
Jiyva

Shops:
D:7 (   D:11 !   D:13 [   D:14 (   Orc:2 [[%!   Elf:3 =

Portals:
Hell: Depths:1 Depths:2 Depths:3
Pandemonium: Depths:1 Depths:2
Trove: Elf:1 (give 7 scrolls of blinking)


Innate Abilities, Weirdness & Mutations

You reflexively headbutt those who attack you in melee.
You have a pair of horns on your head.
You have sharp toenails.
You are partially covered in rugged brown scales (AC +1, +3% HP).
You possess an exceptional clarity of mind.
You are very dopey. (Int -4)
Your system is resistant to poisons.


Message History

The elephant tramples the plant!!
The elephant trunk-slaps the plant but does no damage.
A moth of wrath comes into view.
Drink which item? (? for menu, Esc to quit)
You feel much better.
You block the spriggan berserker's attack.
The spriggan berserker hits you but does no damage.
The spriggan rider hits the plant with a spear!!
The spriggan hits the plant with a dagger.
The spriggan defender hits you but does no damage.
The elephant tramples the plant!!
The elephant trunk-slaps the plant but does no damage.
The spriggan hits the plant but does no damage.
The spriggan rider hits you from afar with an antimagic spear.
* * * LOW HITPOINT WARNING * * *
You feel your power leaking away.
The spriggan berserker hits you with a quarterstaff!
* * * LOW HITPOINT WARNING * * *
The spriggan berserker hits you with an antimagic quarterstaff!!
You die... .i...............P# .................P# .....§......C#..iP# ..........yTP.YiiP# .....§.......iYiCP# ............iTiiiP# PPPPPPPPPP..T.i.YP#

P########P....iiiP#
P# #P.....i@P# P#
#P.......P# P#
#P.......P# P#
P.......P# P#
P.......P#
P.......P#
P.......P#
P.......P#


You could see a frost giant, a stone giant, a death yak (berserk), 2 elephants,
a spriggan defender, 2 spriggan riders, 2 deep trolls, 2 spriggan berserkers, a
moth of wrath, a deep troll earth mage, 3 spriggan druids and 6 spriggans.

Vanquished Creatures
  Norris (D:13)
  6 caustic shrikes
  Nikola (Snake:2)
  Geryon (Hell)
  A golden dragon (Depths:3)
  An iron giant (Dis:2)
  3 bone dragons
  the Enchantress (Depths:4)
  The ghost of Anmu the Sharpshooter, an adept FoFi of Okawaru (Shoals:2)
  4 tentacled monstrosities
  Rupert (Snake:1)
  Asterion (Snake:2)
  6 liches
  A titan (Depths:1)
  5 deep elf master archers (Elf:3)
  5 deep elf blademasters
  An acid blob (shapeshifter) (Elf:3)
  Frances (Shoals:1)
  An Executioner (Abyss:2)
  A kraken (Shoals:4)
  A sphinx (Depths:2)
  The ghost of dricus the Bludgeoner, an adept MiBe of Trog (Shoals:2)
  2 eldritch tentacles
  Kirke (Lair:6)
  9 tentacled starspawn
  2 tengu reavers
  Donald (D:13)
  Roxanne (D:15)
  A frost giant (Depths:1)
  7 fire giants
  Ilsuiw (Shoals:4)
  3 balrugs
  5 greater nagas
  9 deep elf sorcerers
  Louise (Shoals:1)
  2 cacodemons
  A draconian shifter (WizLab)
  3 deep elf elementalists
  11 very ugly things
  7 reapers
  16 stone giants
  2 spriggan defenders (Depths:4)
  2 war gargoyles (Hell)
  2 ophanim (Abyss:3)
  9 deep elf annihilators (Elf:3)
  3 deep elf demonologists
  2 spark wasps (Depths:3)
  4 merfolk javelineers (Shoals:4)
  4 ettins
  2 blizzard demons
  4 merfolk impalers
  5 deep elf death magi
  A minotaur (Lab)
  9 fire dragons
  Snorg (Orc:1)
  A mummy priest (Hell)
  A deep elf high priest (Elf:3)
  A quicksilver dragon zombie (Hell)
  5 yaktaur captains
  6 entropy weavers
  12 great orbs of eyes
  16 naga warriors
  3 spriggan air magi
  9 rakshasas
  6 merfolk avatars
  Harold (Orc:1)
  4 centaur warriors
  5 ice dragons
  10 anacondas
  11 hydras
  6 merfolk aquamancers
  The ghost of baghtru the Cleaver, a novice HOFi of Makhleb (D:10)
  31 dancing weapons
  12 tengu warriors
  4 ogre magi
  A titan zombie (Dis:3)
  4 hell hogs (Hell)
  8 deep troll shamans
  8 deep troll earth magi
  2 spriggan berserkers
  14 naga sharpshooters
  6 death yaks (Lair:8)
  A satyr (Shoals:4)
  Urug (Orc:1)
  4 orc high priests
  2 vampire magi
  11 thrashing horrors
  2 iron golems (Hell)
  2 soul eaters
  4 shock serpents
  22 deep elf knights
  5 sun demons
  6 salamander mystics
  5 wretched stars
  5 giant orange brains
  A spriggan druid (Depths:4)
  5 hell knights
  2 iron trolls (Depths:2)
  A shadow demon (Depths:2)
  5 spatial maelstroms
  12 skeletal warriors
  A flayed ghost (Depths:3)
  8 sea snakes
  2 cherubim (Abyss:3)
  A swamp dragon (Snake:3)
  7 deep trolls
  A shadow dragon zombie (Hell)
  A golden dragon zombie (Hell)
  9 hill giants
  5 orc knights
  7 naga ritualists
  30 harpies
  7 mana vipers
  An obsidian statue (WizLab)
  6 necromancers
  3 anaconda skeletons
  15 deep elf archers
  7 wizards
  62 deep elf magi
  3 griffons
  A mana viper (shapeshifter) (Depths:2)
  A frost giant zombie (Dis:5)
  A wolf spider (D:14)
  An iron dragon zombie (Dis:3)
  13 cyclopes
  2 fire giant zombies
  38 ugly things
  A worldbinder (Abyss:5)
  3 wolf spider zombies
  A hornet (D:14)
  A griffon (shapeshifter) (Elf:2)
  4 orc sorcerers (Orc:2)
  6 oklob plants
  12 salamanders
  A faun (Shoals:2)
  An iron dragon skeleton (Depths:1)
  22 large abominations
  21 manticores
  16 rust devils
  2 sixfirhies
  15 elephants
  Joseph (D:8)
  7 sirens
  2 black mambas (shapeshifter)
  3 human skeletons
  An octopode (shapeshifter) (Depths:1)
  11 guardian serpents
  17 naga magi
  6 spiny frogs
  35 black mambas
  An elf zombie (Hell)
  A fire giant skeleton (Dis:1)
  7 water nymphs
  8 smoke demons
  A hellion (Abyss:2)
  An emperor scorpion zombie (Dis:2)
  12 rime drakes
  2 centaur skeletons
  8 komodo dragons
  13 yaktaurs
  2 orange demons
  2 tormentors
  A dire elephant skeleton (Dis:6)
  An efreet (D:13)
  7 tengu conjurers
  3 ice devils
  6 red devils
  3 hellwings
  A freezing wraith (Abyss:4)
  A queen bee (shapeshifter) (D:14)
  A hydra zombie (Hell)
  20 merfolk
  8 ancient zymes
  A troll (shapeshifter) (Depths:1)
  2 wind drakes
  8 polar bears (Lair:8)
  2 entropy weaver zombies
  7 trolls
  A harpy zombie (D:14)
  Grinder (D:5)
  A hydra skeleton (Hell)
  38 blink frogs
  3 two-headed ogres
  A boulder beetle (Lair:8)
  An ettin zombie (Dis:2)
  8 snapping turtles
  13 slime creatures
  A fire dragon zombie (Depths:1)
  8 raiju
  An ice dragon zombie (Dis:4)
  9 flying skulls
  5 air elementals
  A spriggan (shapeshifter) (D:15)
  An alligator skeleton (Hell)
  A tarantella (Depths:2)
  42 starcursed masses
  3 shadows
  21 water elementals
  An ettin skeleton (WizLab)
  4 fire bats (Abyss:2)
  4 vampires
  7 ynoxinuls
  42 yaks
  12 wyverns
  6 spriggans (Depths:4)
  A tarantella (shapeshifter) (Depths:1)
  7 basilisks
  5 chaos spawn
  15 fire elementals
  4 wraiths
  A black mamba skeleton (Hell)
  2 hogs (Lair:6)
  A basilisk (shapeshifter) (D:14)
  25 hippogriffs
  16 humans (D:13)
  A hungry ghost (D:15)
  A vampire mosquito (Snake:3)
  2 mottled dragons
  2 steam dragons
  5 neqoxecs
  11 spatial vortices
  45 nagas
  A soldier ant (D:14)
  10 porcupines
  3 insubstantial wisps (WizLab)
  4 spiny frog zombies
  10 wargs
  9 hell hounds
  3 swamp worms (Snake:3)
  20 water moccasins
  14 black bears
  3 swamp drakes
  An ice beast (shapeshifter) (Depths:2)
  2 spiny frog skeletons (Hell)
  A black bear (shapeshifter) (D:14)
  A fire dragon simulacrum (Hell)
  An infernal demonspawn skeleton (WizLab)
  2 ice beasts
  3 phantoms
  A sky beast (Abyss:2)
  A wasp (D:10)
  21 orc warriors
  A spriggan simulacrum (Depths:1)
  An eye of draining (Abyss:2)
  20 ogres
  3 boggarts
  20 wolves
  8 centaurs
  13 crocodiles
  A crocodile (shapeshifter) (Depths:3)
  8 big kobolds
  2 yaktaur zombies (Hell)
  18 giant frogs
  3 earth elementals
  A wyvern skeleton (D:9)
  2 scorpions
  13 wights
  5 howler monkeys
  2 electric eels
  6 crimson imps
  5 bog bodies (Ossuary)
  2 lava snakes (D:8)
  7 quasits
  A wasp zombie (D:12)
  2 centaur zombies
  3 giant frog zombies
  14 hounds
  14 orc priests
  A giant frog skeleton (D:6)
  11 iron imps
  3 jellies
  17 orc wizards
  Jessica (D:3)
  13 iguanas
  Terence (D:2)
  12 hell rats (Lair:6)
  6 worker ants
  19 small abominations
  A killer bee zombie (D:8)
  13 sheep
  4 hound zombies
  3 hound skeletons
  12 mummies
  A worker ant zombie (Ossuary)
  17 adders
  68 river rats
  2 shadow imps
  A white imp (Depths:2)
  3 ufetubi
  3 adder zombies
  3 adder skeletons
  3 worms
  A dart slug (D:2)
  8 giant geckos
  79 orcs
  2 ball pythons (Lair:5)
  4 giant cockroaches
  10 goblins
  10 hobgoblins
  7 jackals
  3 quokkas
  12 bats
  3 giant cockroach zombies (Ossuary)
  A giant gecko skeleton (D:6)
  7 giant newts
  A jackal skeleton (D:6)
  A jackal zombie (Ossuary)
  27 kobolds
  An orc zombie (Dis:4)
  A quokka skeleton (D:5)
  3 quokka zombies
  21 rats
  2 bushes (Lair:5)
  A butterfly (Lair:5)
  A crawling corpse (Depths:2)
  20 fungi
  A lurking horror (WizLab)
  62 plants
  10 starspawn tentacles
  4 tentacles (Shoals:4)
  A withered plant (Ossuary)
2202 creatures vanquished.

Vanquished Creatures (others)
  A deep elf master archer (Elf:3)
  A deep elf annihilator (Elf:3)
  A yaktaur captain (Depths:1)
  A deep elf death mage (Elf:3)
  A centaur warrior (Depths:3)
  3 yaktaurs
  A demonic crawler (WizLab)
  A naga (Snake:3)
  4 centaurs
  A hound (Lair:8)
  1797 eldritch tentacle segments (WizLab)
  2 fungi
  4 lost souls (Hell)
  A lurking horror (Abyss:3)
  47 plants
  10 starspawn tentacles
  180 starspawn tentacle segments
  A tentacle (Shoals:4)
  129 tentacle segments (Shoals:4)
  3 withered plants (Ossuary)
2189 creatures vanquished.

Grand Total: 4391 creatures vanquished

Notes
Turn   | Place    | Note
--------------------------------------------------------------
     0 | D:1      | krepi the Minotaur Fighter began the quest for the Orb.
     0 | D:1      | Reached XP level 1. HP: 19/19 MP: 0/0
   235 | D:1      | Reached XP level 2. HP: 27/27 MP: 1/1
   948 | D:2      | Reached XP level 3. HP: 25/33 MP: 2/2
  1242 | D:2      | Reached skill level 1 in Dodging
  1365 | D:2      | Noticed Terence
  1371 | D:2      | Killed Terence
  1371 | D:2      | Reached XP level 4. HP: 34/40 MP: 3/3
  2026 | D:3      | Noticed Jessica
  2030 | D:3      | Killed Jessica
  2030 | D:3      | Reached XP level 5. HP: 36/46 MP: 4/4
  2162 | D:3      | Found a sparkling altar of Nemelex Xobeh.
  2382 | D:3      | Found a deep blue altar of Sif Muna.
  2519 | D:4      | Reached skill level 3 in Axes
  2519 | D:4      | Reached skill level 5 in Shields
  2532 | D:4      | Reached skill level 5 in Armour
  2534 | D:4      | Reached XP level 6. HP: 41/52 MP: 5/5
  2784 | D:4      | Found a staircase to the Ecumenical Temple.
  2793 | Temple   | Entered the Ecumenical Temple
  2848 | Temple   | Became a worshipper of the Shining One
  2942 | D:4      | Found a sand-covered staircase.
  2946 | Ossuary  | Entered an ossuary
  2960 | Ossuary  | Reached skill level 4 in Axes
  2972 | Ossuary  | Reached * piety under the Shining One
  2972 | Ossuary  | Reached XP level 7. HP: 48/60 MP: 6/6
  3146 | Ossuary  | Reached skill level 5 in Fighting
  3184 | Ossuary  | Reached ** piety under the Shining One
  3376 | Ossuary  | Reached skill level 5 in Axes
  3514 | Ossuary  | Identified 2 scrolls of acquirement
  3771 | D:5      | Entered Level 5 of the Dungeon
  3771 | D:5      | Noticed Grinder
  3773 | D:5      | Paralysed by Grinder for 5 turns
  3811 | D:5      | Paralysed by Grinder for 3 turns
  3814 | D:5      | Killed Grinder
  3814 | D:5      | Reached XP level 8. HP: 27/70 MP: 7/7
  4033 | D:5      | Reached skill level 6 in Axes
  4648 | D:5      | Reached *** piety under the Shining One
  4978 | D:6      | Reached skill level 7 in Axes
  5196 | D:6      | Gained mutation: You are dopey. (Int -2) [potion of mutation]
  5196 | D:6      | Gained mutation: You possess an exceptional clarity of mind. [potion of mutation]
  5196 | D:6      | Gained mutation: You have sharp toenails. [potion of mutation]
  5197 | D:6      | Gained mutation: Your system is resistant to poisons. [potion of mutation]
  5197 | D:6      | Gained mutation: You have a pair of large horns on your head. [potion of mutation]
  5476 | D:7      | Found Kuupni's Antique Weapon Boutique.
  5492 | D:7      | Bought a runed broad axe for 120 gold pieces
  5516 | D:7      | Reached XP level 9. HP: 78/78 MP: 8/8
  5885 | D:8      | Noticed a green ugly thing
  5892 | D:8      | Killed a green ugly thing
  5892 | D:8      | Reached skill level 8 in Axes
  6002 | D:8      | Noticed Joseph
  6013 | D:8      | Killed Joseph
  6013 | D:8      | Reached skill level 9 in Axes
  6140 | D:8      | Noticed a three-headed hydra
  6358 | D:8      | Killed a four-headed hydra
  6358 | D:8      | Reached skill level 10 in Axes
  6358 | D:8      | Reached XP level 10. HP: 39/90 MP: 9/9
  7019 | D:8      | Reached **** piety under the Shining One
  7176 | D:9      | Got a pair of warped boots
  7182 | D:9      | Identified the +3 pair of boots of the Orb {rF+ rCorr Int-3 Dex+4} (You acquired it on level 9 of the Dungeon)
  7182 | D:9      | Lost intelligence.
  7205 | D:9      | Found a staircase to the Lair.
  7412 | D:9      | Found a staircase to the Orcish Mines.
  7567 | D:9      | Reached skill level 11 in Axes
  7977 | Lair:1   | Entered Level 1 of the Lair of Beasts
  7983 | Lair:1   | Reached skill level 10 in Fighting
  7988 | Lair:1   | Reached skill level 12 in Axes
  8031 | Lair:1   | Noticed a black mamba
  8034 | Lair:1   | Killed a black mamba
  8089 | Lair:1   | Reached XP level 11. HP: 97/101 MP: 10/10
  8140 | Lair:1   | Reached skill level 10 in Armour
  8186 | Lair:1   | Got a pair of spiked boots
  8192 | Lair:1   | Identified the cursed +0 pair of boots of Happiness {*Drain rC+++ rN++} (You found it on level 1 of the Lair of Beasts)
  8212 | Lair:1   | Found a shimmering altar of Xom.
  8242 | Lair:1   | Noticed an oklob plant
  8263 | Lair:1   | Killed an oklob plant
  8754 | Lair:1   | Reached skill level 13 in Axes
  8816 | Lair:1   | Reached ***** piety under the Shining One
  9026 | Lair:2   | Reached skill level 5 in Dodging
  9026 | Lair:2   | Reached skill level 1 in Spellcasting
  9026 | Lair:2   | Reached XP level 12. HP: 108/110 MP: 10/13
  9192 | Lair:2   | Reached skill level 14 in Axes
 10425 | Lair:4   | Reached skill level 15 in Axes
 10430 | Lair:4   | Reached XP level 13. HP: 98/119 MP: 14/14
 10928 | Lair:4   | Found a dark tunnel.
 10933 | Volcano  | Entered a volcano
 11431 | Lair:5   | Found a sparkling altar of Nemelex Xobeh.
 11459 | Lair:5   | Reached skill level 16 in Axes
 11564 | Lair:5   | Found a staircase to the Snake Pit.
 12451 | Lair:6   | Reached skill level 17 in Axes
 12451 | Lair:6   | Reached skill level 10 in Shields
 12483 | Lair:6   | Reached XP level 14. HP: 92/130 MP: 15/15
 12751 | Lair:6   | Reached ****** piety under the Shining One
 12954 | Lair:6   | Found a staircase to the Shoals.
 12982 | Lair:6   | Got a faintly humming cloak
 12993 | Lair:6   | Identified the -5 cloak of the Hundredfold Nights {rC+ MP+9 Int+4 Dex+4} (You acquired it on level 6 of the Lair of Beasts)
 13130 | Lair:6   | Noticed Kirke
 13142 | Lair:6   | Killed Kirke
 14351 | Lair:8   | Entered Level 8 of the Lair of Beasts
 14472 | Lair:8   | Reached skill level 18 in Axes
 14794 | Lair:8   | Found a staircase to the Slime Pits.
 14795 | Lair:8   | Found a viscous altar of Jiyva.
 15399 | Snake:1  | Entered Level 1 of the Snake Pit
 15408 | Snake:1  | Noticed Rupert
 15413 | Snake:1  | Reached XP level 15. HP: 125/139 MP: 16/16
 15422 | Snake:1  | Killed Rupert
 15624 | Snake:1  | Reached skill level 19 in Axes
 15631 | Snake:1  | Identified a +0 rod of shadows (9/9) (You found it on level 1 of the Snake Pit)
 15676 | Snake:1  | Reached skill level 15 in Fighting
 16291 | Snake:2  | Noticed Nikola
 16308 | Snake:2  | Killed Nikola
 16709 | Snake:2  | Noticed Asterion
 16723 | Snake:2  | Killed Asterion
 16744 | Snake:2  | Noticed a greater naga
 16751 | Snake:2  | Killed a greater naga
 17558 | Snake:3  | Reached skill level 20 in Axes
 17558 | Snake:3  | Reached XP level 16. HP: 150/150 MP: 17/17
 17650 | Snake:3  | Got a pair of scorched boots
 17665 | Snake:3  | Identified the +4 pair of boots of the Hunter {+Inv rC- Str+2 Slay+3} (You found it on level 3 of the Snake Pit)
 18027 | Snake:4  | Entered Level 4 of the Snake Pit
 18496 | Snake:4  | Reached skill level 15 in Shields
 18795 | Snake:4  | Reached skill level 21 in Axes
 19498 | Snake:4  | Got a serpentine rune of Zot
 19693 | Shoals:1 | Entered Level 1 of the Shoals
 19796 | Shoals:1 | Reached XP level 17. HP: 160/160 MP: 18/18
 19851 | Shoals:1 | Noticed Louise
 19860 | Shoals:1 | Killed Louise
 19934 | Shoals:1 | Noticed Frances
 19943 | Shoals:1 | Killed Frances
 20326 | Shoals:2 | Noticed dricus's ghost (adept MiBe)
 20624 | Shoals:2 | Noticed Anmu's ghost (adept FoFi)
 20629 | Shoals:2 | Killed dricus's ghost
 20660 | Shoals:2 | Killed Anmu's ghost
 21205 | Shoals:3 | Reached skill level 22 in Axes
 21603 | Shoals:4 | Entered Level 4 of the Shoals
 21604 | Shoals:4 | Noticed Ilsuiw
 21632 | Shoals:4 | Killed Ilsuiw
 22078 | Shoals:4 | Reached skill level 15 in Armour
 22218 | Shoals:4 | Noticed a kraken
 22236 | Shoals:4 | Killed a kraken
 22384 | Shoals:4 | Reached XP level 18. HP: 156/171 MP: 19/19
 22785 | Shoals:4 | Got a barnacled rune of Zot
 23171 | Orc:1    | Entered Level 1 of the Orcish Mines
 23279 | Orc:1    | Noticed Urug
 23287 | Orc:1    | Killed Urug
 23557 | Orc:2    | Entered Level 2 of the Orcish Mines
 23619 | Orc:2    | Found a staircase to the Elven Halls.
 24157 | Orc:2    | Found Siomudd's Armour Shop.
 24157 | Orc:2    | Found Haownadgh's Distillery.
 24159 | Orc:2    | Found Hoaf's Antique Armour Shop.
 24159 | Orc:2    | Found Dirphugyu's Food Shoppe.
 24180 | Orc:2    | Bought a pair of glowing boots for 139 gold pieces
 24367 | Orc:1    | Noticed Harold
 24390 | Orc:1    | Killed Harold
 24458 | Orc:1    | Noticed Snorg
 24467 | Orc:1    | Killed Snorg
 24559 | Elf:1    | Entered Level 1 of the Elven Halls
 24794 | Elf:1    | Found a portal to a secret trove of treasure.
 24811 | Elf:1    | Cast into level 2 of the Abyss (a deep elf demonologist)
 24812 | Abyss:2  | Found a corrupted altar of Lugonu.
 24992 | Abyss:2  | Reached skill level 23 in Axes
 25235 | Abyss:2  | Noticed a bone dragon
 25260 | Abyss:2  | Killed a bone dragon
 25264 | Elf:1    | Escaped the Abyss
 25834 | Elf:1    | Cast into level 3 of the Abyss (a deep elf sorcerer)
 25987 | Abyss:3  | Gained mutation: You are very dopey. (Int -4) [a neqoxec]
 26055 | Abyss:3  | Reached XP level 19. HP: 140/181 MP: 20/20
 26083 | Abyss:5  | Entered Level 5 of the Abyss
 26273 | Abyss:5  | Noticed a bone dragon
 26283 | Abyss:5  | Killed a bone dragon
 26359 | Elf:1    | Escaped the Abyss
 26380 | Elf:1    | Reached skill level 24 in Axes
 26985 | Elf:2    | Found a runed gate.
 26985 | Elf:2    | Found a runed gate.
 26994 | Elf:2    | Found a runed gate.
 27522 | Elf:3    | Entered Level 3 of the Elven Halls
 27712 | Elf:3    | Found Luill's Jewellery Shoppe.
 27715 | Elf:3    | Bought the brooch of Shielding {Reflect SH+8} for 448 gold pieces
 28012 | Elf:3    | Reached XP level 20. HP: 180/192 MP: 21/21
 28013 | Elf:3    | Noticed a caustic shrike
 28014 | Elf:3    | a caustic shrike changed into an iron dragon
 28057 | Elf:3    | Reached skill level 25 in Axes
 28089 | Elf:3    | Got a shimmering steel ring
 28108 | Elf:3    | Identified the ring "Ceomav" {+Blink rElec rC+ MR+ MP+9} (You took it off a deep elf knight on level 3 of the Elven Halls)
 28367 | Elf:3    | Got a brightly glowing war axe
 28399 | Elf:3    | Identified the +9 war axe "Patufomp" {venom, +Rage} (You found it on level 3 of the Elven Halls)
 28820 | Elf:3    | Got a fine marble ring
 28825 | Elf:3    | Got a flickering brass ring
 28874 | Elf:3    | Identified the ring "Xaplil" {rPois Dex+3} (You found it on level 3 of the Elven Halls)
 28876 | Elf:3    | Identified the ring of Quipiw {rElec rF+ Int+5} (You took it off a deep elf mage on level 3 of the Elven Halls)
 29325 | D:10     | Entered Level 10 of the Dungeon
 29467 | D:10     | Noticed baghtru's ghost (novice HOFi)
 29476 | D:10     | Killed baghtru's ghost
 30135 | D:11     | Found a labyrinth entrance.
 30140 | Lab      | Entered a labyrinth
 30485 | D:11     | Found an opulent altar of Gozag.
 30542 | D:11     | Found Nudwoomnah's Distillery.
 30641 | D:11     | Found a sacrificial altar of Ru.
 31320 | D:12     | You fall through a shaft for 2 floors!
 31531 | D:14     | Found Qax Sag's Antique Weapon Shop.
 31604 | D:13     | Noticed Donald
 31605 | D:13     | Found a gate to the Vaults.
 31609 | D:13     | Noticed Norris
 31616 | D:13     | Killed Donald
 31635 | D:13     | Killed Norris
 31889 | D:13     | Found Fudoefo's Armour Boutique.
 31914 | D:13     | Found a shimmering altar of Xom.
 31914 | D:13     | Found a shimmering altar of Xom.
 31914 | D:13     | Found a shimmering altar of Xom.
 31914 | D:13     | Found a shimmering altar of Xom.
 31916 | D:13     | Found a shimmering altar of Xom.
 31919 | D:13     | Found a shimmering altar of Xom.
 31919 | D:13     | Found a shimmering altar of Xom.
 32375 | D:14     | Identified the Grimoire of Dark Enchantment
 32472 | D:15     | Entered Level 15 of the Dungeon
 32610 | D:15     | Reached skill level 26 in Axes
 32617 | D:15     | Noticed Roxanne
 32635 | D:15     | Killed Roxanne
 32644 | D:15     | Gained mutation: You are partially covered in rugged brown scales (AC +1, +3% HP). [potion of beneficial mutation]
 32717 | D:15     | Found a staircase to the Depths.
 32748 | D:15     | Reached XP level 21. HP: 192/208 MP: 22/22
 33134 | Depths:1 | Entered Level 1 of the Depths
 33280 | Depths:1 | Found a gateway to Hell.
 33479 | Depths:1 | Found a magical portal.
 33484 | WizLab   | Entered The Roulette of Golubria
 33490 | WizLab   | Found a corrupted altar of Lugonu.
 33871 | WizLab   | Found a corrupted altar of Lugonu.
 33949 | WizLab   | Identified the Reference Book on Translocation
 34143 | Depths:1 | Found an opulent altar of Gozag.
 34153 | Depths:1 | Found a flickering gateway to a bazaar.
 34165 | Bazaar   | Entered a bazaar
 34165 | Bazaar   | Found Legimust's Assorted Antiques.
 34165 | Bazaar   | Found Juatah's Food Boutique.
 34165 | Bazaar   | Found Aqaso's General Store.
 34165 | Bazaar   | Found Enaottad's Assorted Antiques.
 34179 | Bazaar   | Bought a slice of pizza for 12 gold pieces
 34183 | Bazaar   | Bought a bread ration for 35 gold pieces
 34183 | Bazaar   | Bought a meat ration for 35 gold pieces
 34183 | Bazaar   | Bought a meat ration for 35 gold pieces
 34183 | Bazaar   | Bought a meat ration for 35 gold pieces
 34183 | Bazaar   | Bought a meat ration for 35 gold pieces
 34183 | Bazaar   | Bought a beef jerky for 10 gold pieces
 34183 | Bazaar   | Bought a bread ration for 35 gold pieces
 34183 | Bazaar   | Bought a beef jerky for 10 gold pieces
 34183 | Bazaar   | Bought a meat ration for 35 gold pieces
 34183 | Bazaar   | Bought a meat ration for 35 gold pieces
 34183 | Bazaar   | Bought a beef jerky for 10 gold pieces
 34273 | Depths:1 | Found a one-way gate leading to the halls of Pandemonium.
 34343 | Depths:1 | Cast into level 2 of the Abyss (an ogre mage)
 34599 | Abyss:2  | Lost mutation: You have a pair of large horns on your head. [a neqoxec]
 34734 | Abyss:2  | Paralysed by a lich for 3 turns
 35081 | Abyss:3  | Got an abyssal rune of Zot
 35089 | Abyss:3  | Found a glowing golden altar of the Shining One.
 35106 | Abyss:4  | Found a corrupted altar of Lugonu.
 35244 | Abyss:4  | Reached skill level 27 in Axes
 35286 | Abyss:5  | Entered Level 5 of the Abyss
 35336 | Depths:1 | Escaped the Abyss
 35433 | Depths:1 | Reached XP level 22. HP: 219/219 MP: 23/23
 35441 | Depths:1 | Paralysed by a great orb of eyes for 3 turns
 35452 | Depths:1 | Paralysed by a great orb of eyes for 2 turns
 36487 | Depths:2 | Got a sparkling ivory ring
 37023 | Depths:2 | Reached XP level 23. HP: 231/231 MP: 24/24
 37332 | Hell     | Entered the Vestibule of Hell
 37332 | Hell     | Noticed Geryon
 37349 | Hell     | Killed Geryon
 37401 | Hell     | Found a gateway to the freezing wastes of Cocytus.
 37531 | Hell     | Found a gateway to the decaying netherworld of Tartarus.
 37604 | Hell     | Found a gateway to the ashen valley of Gehenna.
 37734 | Hell     | Found a gateway to the Iron City of Dis.
 37826 | Hell     | Identified the ring "Zaywk" {Str+4 Dex+4} (You took it off a centaur on level 2 of the Depths)
 37878 | Dis:1    | Entered Level 1 of the Iron City of Dis
 38486 | Dis:7    | Entered Level 7 of the Iron City of Dis
 39200 | Depths:3 | Noticed a caustic shrike
 39208 | Depths:3 | Killed a caustic shrike
 39220 | Depths:3 | Noticed a caustic shrike
 39231 | Depths:3 | Noticed a caustic shrike
 39232 | Depths:3 | Killed a caustic shrike
 39233 | Depths:3 | Noticed a caustic shrike
 39234 | Depths:3 | Noticed a caustic shrike
 39234 | Depths:3 | Noticed a caustic shrike
 39236 | Depths:3 | Noticed a caustic shrike
 39237 | Depths:3 | Noticed a caustic shrike
 39238 | Depths:3 | Noticed a caustic shrike
 39238 | Depths:3 | Killed a caustic shrike
 39245 | Depths:3 | Killed a caustic shrike
 39265 | Depths:4 | Noticed the Enchantress
 39266 | Depths:4 | Killed a caustic shrike
 39266 | Depths:4 | Reached XP level 24. HP: 51/247 MP: 24/24
 39282 | Depths:4 | HP: 8/247 [the Enchantress/demon whip of flaming (8)]
 39320 | Depths:4 | Killed the Enchantress
 39349 | Depths:4 | HP: 11/249 [spriggan defender/flail of crushing[the Enchantress] (9)]
 39350 | Depths:4 | Mangled by a spriggan berserker

Skill      XL: |  1  2  3  4  5  6  7  8  9 10 11 12 13 14 15 16 17 18 19 20 21 22 23 24 |
---------------+-------------------------------------------------------------------------+-----
Fighting       | 4 5 6 8 10 11 12 13 14 15 16 17 18 19 20 21 22 24 25 | 25.1
Shields        | 4 5 6 7 8 10 12 14 15 17 18 19 20 21 23 | 23.9
Armour         | 4 5 6 7 8 9 10 11 12 13 14 15 16 17 18 | 18.7
Dodging        | 1 2 3 4 5 |  5.3
Axes           | 3 4 5 7 10 12 13 15 17 18 20 21 22 23 24 26 27 | 27.0
Throwing       | 2 |  2.0
Stealth        | 2 |  2.2
Unarmed Combat | 2 |  2.2
Spellcasting   | 1 |  1.3
Invocations    | 2 |  2.7
Evocations     | 2 |  2.0

Action                   |  1- 3 |  4- 6 |  7- 9 | 10-12 | 13-15 | 16-18 | 19-21 | 22-24 || total
-------------------------+-------+-------+-------+-------+-------+-------+-------+-------++-------
Melee: War axe           |    82 |   122 |   125 |       |       |       |       |       ||   329
       Headbutt          |    17 |    15 |    33 |    64 |   239 |   262 |   278 |   239 ||  1147
       Battleaxe         |       |       |    99 |   296 |    85 |       |       |       ||   480
       Kick              |       |       |    20 |    52 |       |       |       |       ||    72
       Broad axe         |       |       |     3 |    18 |   934 |  1345 |  1298 |   387 ||  3985
       Unarmed           |       |       |       |       |     2 |       |       |       ||     2
       Executioner's axe |       |       |       |       |       |       |       |   444 ||   444
Invok: Divine Shield     |       |       |       |       |     1 |     1 |       |     1 ||     3
  Use: Scroll            |       |       |    29 |     9 |    14 |     6 |    14 |    11 ||    83
       Potion            |       |       |     2 |     1 |     2 |       |     1 |    16 ||    22
  Eat: Chunk             |     1 |     5 |     4 |    10 |    16 |    18 |    21 |    10 ||    85
       Meat ration       |       |       |     1 |     1 |       |     1 |       |       ||     3
       Beef jerky        |       |       |     1 |       |       |       |       |       ||     1
       Bread ration      |       |       |       |       |     2 |     1 |       |       ||     3
       Royal jelly       |       |       |       |       |       |       |     5 |     2 ||     7
Armor: Scale mail        |    62 |    68 |    22 |       |       |       |       |       ||   152
       Crystal plate arm |       |       |   182 |   266 |   536 |   673 |   333 |   458 ||  2448
Dodge: Dodged            |    31 |    45 |    61 |    90 |   159 |   345 |   195 |   257 ||  1183
Block: Shield            |    49 |    63 |    64 |     8 |       |   740 |  1013 |   396 ||  2333
       Large shield      |       |       |       |       |   783 |   286 |       |       ||  1069
       Reflection        |       |       |       |       |       |       |   101 |    32 ||   133
       Other             |       |       |       |       |       |       |       |   186 ||   186
